[Event "Icelandic Championship 2022"]
[Site "Selfoss"]
[Date "2022.04.30"]
[Round "8.1"]
[White "Gretarsson, Hjorvar Steinn"]
[Black "Stefansson, Vignir Vatnar"]
[Result "1-0"]
[ECO "B51"]
[WhiteElo "2548"]
[BlackElo "2484"]
[Annotator "TA"]
[PlyCount "49"]
[EventDate "2022.04.21"]
[EventType "tourn"]
[EventCountry "ISL"]
[SourceTitle "playchess.com"]
[Source "ChessBase"]
[SourceQuality "1"]
[TimeControl "40/5400+30:1800+30"]

1. e4 c5 2. Nf3 d6 3. Bb5+ Nc6 4. O-O Bd7 5. Re1 a6 6. Bf1 Nf6 7. c3 e6 {[%emt 0:01:13] B51: Sicilian: Moscow Variation (3 Bb5+) without 3...Bd7.} 8. d4 cxd4 9. cxd4 d5 {[%emt 0:00:35] White is slightly better.} 10. exd5 Nxd5 11. Nc3 {[%emt 0:00:24] Strongly threatening Nxd5.} Be7 {[%emt 0:06:51] [#]} 12. Nxd5 $5 $146 {[%emt 0:03:33][%mdl 8] An interesting novelty.} ({Predecessor:} 12. Bd3 O-O 13. Bc2 Ncb4 14. Bb1 Nf6 15. Bg5 Bc6 16. a3 Bxf3 17. Qxf3 Nbd5 18. Qd3 {½-½ (38) Kislik,E (2380)-Annageldyev,O (2396) Budapest 2012}) 12... exd5 13. Bg5 Be6 {[%emt 0:08:58] [#]} 14. Qb3 $1 Bxg5 (14... Rb8 15. Bd2) 15. Nxg5 Nxd4 (15... O-O $11 16. Nxe6 fxe6) 16. Qa4+ $40 {[%emt 0:05:53][%mdl 128] White wants a kill.} ({Of course not} 16. Qxb7 $6 O-O 17. Rad1 Qxg5 $11) 16... b5 (16... Kf8 $16 {was necessary.}) 17. Qxd4 $18 Qxg5 {[%emt 0:00:11] [#]} 18. f4 $1 Qg4 (18... Qf6 {is a better defense.} 19. Qxf6 gxf6) 19. Re3 ({Less strong is} 19. h3 Qg6 $18) 19... Kd7 $2 (19... O-O $2 20. Rg3 $18) (19... Qg6 20. Bd3 Qf6 21. Qxf6 gxf6) 20. h3 {[%emt 0:07:27] White is clearly winning.} Qh4 21. g3 Qf6 {[%emt 0:03:37] [#]} 22. Re5 $1 Rhc8 23. f5 Rc2 24. Bd3 Rd2 25. Rae1 {[%emt 0:00:47] Weighted Error Value: White=0.05 (flawless) /Black=0.52} 1-0

[Event "Icelandic Championship 2022"]
[Site "Selfoss"]
[Date "2022.04.30"]
[Round "8.2"]
[White "Kjartansson, Gudmundur"]
[Black "Thorfinnsson, Bragi"]
[Result "0-1"]
[ECO "E63"]
[WhiteElo "2450"]
[BlackElo "2419"]
[Annotator "TA"]
[PlyCount "108"]
[EventDate "2022.04.21"]
[EventType "tourn"]
[EventCountry "ISL"]
[SourceTitle "playchess.com"]
[Source "ChessBase"]
[SourceQuality "1"]
[TimeControl "40/5400+30:1800+30"]

1. d4 Nf6 2. c4 d6 3. Nc3 g6 4. g3 Bg7 5. Bg2 O-O 6. Nf3 Nc6 7. O-O a6 8. Bf4 {[%emt 0:01:30] 8.b3 is becoming the main line.} Bf5 {[%emt 0:09:43] E63: King's Indian: Fianchetto: Panno Variation with 7...a6.} 9. d5 Na5 10. Nd2 (10. b3 $14 {was preferrable.}) 10... c5 {[%emt 0:02:14] The position is equal.} 11. e4 Bg4 12. f3 Bd7 {[%emt 0:01:35] [#]} 13. Qc2 $146 ({Predecessor:} 13. Qe2 b5 14. Rac1 Nxc4 15. Nxc4 bxc4 16. Qxc4 Qb6 17. Rf2 Rab8 18. Bf1 Bb5 19. Nxb5 axb5 {½-½ (41) Ratsma,M (2295)-Debevec,B (2195) Pardubice 2019}) 13... b5 14. b3 Rb8 15. Rae1 Nh5 16. Be3 bxc4 17. bxc4 e6 18. g4 (18. Qd3 {is interesting.} exd5 19. Nxd5 Rb2 20. f4) 18... exd5 19. exd5 (19. gxh5 $2 d4 20. Bxd4 (20. h6 $2 Bh8 $17) 20... Bxd4+ 21. Kh1 Be6 $17) 19... Nf6 20. Bf4 Rb6 21. h3 (21. Rb1 {is more complex.} Rb4 22. Bxd6 Bf5 23. gxf5 Qxd6 24. Rxb4 cxb4 25. Nce4) 21... Ne8 22. Rb1 Rxb1 23. Rxb1 Bd4+ 24. Kh1 g5 (24... f5 $11 25. Bg3 Qe7) 25. Bg3 f5 26. Ne2 Bg7 27. Be1 fxg4 (27... Be5 $1 $14) 28. hxg4 ({White should try} 28. fxg4 $16 {Threatens to win with Ne4.} h5 29. gxh5) 28... h5 $1 $11 29. Ne4 hxg4 30. fxg4 Bxg4 31. N2g3 Qe7 32. Nf2 $1 $36 {[%emt 0:04:48][%mdl 2048] Black is under pressure.} (32. Bxa5 $2 Bd4 33. Bh3 Qh7 34. Nf6+ Nxf6 35. Qxh7+ Kxh7 $19) 32... Bc8 33. Bxa5 {[%emt 0:00:56] Black must now prevent Re1.} g4 $1 {[%emt 0:00:05] Hoping for ...Qh4+.} 34. Rb3 Qh4+ 35. Kg1 Bd4 {[%emt 0:00:13] [#]} (35... Be5 $1 $11 {keeps the balance.} 36. Bd2 (36. Nf1 Bd4 $14) 36... Ng7) 36. Be1 $1 $16 {[%emt 0:01:33] Qg6+ is the strong threat.} ({Of course not} 36. Qg6+ $6 Ng7 37. Be1 Be5 $11) 36... Ng7 37. Be4 {[%emt 0:02:55] Inhibits Nf5.} Bd7 ({Better is} 37... a5 $14) 38. Rd3 (38. Qe2 $16) 38... Be5 $1 $11 39. Nd1 $2 {[%emt 0:01:29] [#] Loses the game.} (39. Nfh1 $1 $11 {and White has nothing to worry.} Nh5 40. Qd2) 39... Nh5 $1 $19 {[%emt 0:00:53] aiming for ...Ba4. Really sharp!} 40. Qh2 $2 {[%emt 0:00:44] [#]} ({But not} 40. Qg2 Nf4 41. Qh1 Nh3+ 42. Kg2 Qf6 $17) (40. Re3 Bxg3 41. Bh7+ Kh8 42. Rxg3 Nxg3 43. Bc3+ Rf6 44. Qh2 Qxh2+ 45. Kxh2 Kxh7 46. Bxf6) 40... Rf1+ $1 {[%emt 0:01:43][%mdl 576] Deflection. Black is clearly winning.} 41. Kxf1 Qxh2 42. Nxh5 Qxh5 43. Bg3 Bxg3 44. Rxg3 Qe5 45. Re3 Qa1 46. Bc2 Qxa2 47. Rc3 a5 48. Kf2 Bf5 49. Ne3 Bxc2 50. Rxc2 Qb1 {[%emt 0:00:05] Strongly threatening ...a4.} 51. Kg3 a4 {[%emt 0:00:59] And now ...a3 would win.} 52. Kxg4 a3 {[%emt 0:00:21] ( -> ...a2)} 53. Kf4 a2 54. Rg2+ Kf7 {[%emt 0:00:31] Weighted Error Value: White=0.78/Black=0.15 (very precise)} (54... Kf8 $142 55. Rxa2 Qxa2) 0-1

[Event "Icelandic Championship 2022"]
[Site "Selfoss"]
[Date "2022.04.30"]
[Round "8.3"]
[White "Mai, Alexander Oliver"]
[Black "Steingrimsson, Hedinn"]
[Result "0-1"]
[ECO "C47"]
[WhiteElo "2207"]
[BlackElo "2535"]
[Annotator "TA"]
[PlyCount "110"]
[EventDate "2022.04.21"]
[EventType "tourn"]
[EventCountry "ISL"]
[SourceTitle "playchess.com"]
[Source "ChessBase"]
[SourceQuality "1"]
[TimeControl "40/5400+30:1800+30"]

1. e4 e5 2. Nf3 Nf6 3. Nc3 Nc6 4. d4 Bb4 5. Nxe5 Bxc3+ 6. bxc3 Qe7 7. Nxc6 Qxe4+ 8. Be2 Qxc6 9. O-O d5 {[%emt 0:21:08] Inhibits c4. C47: Scotch Four Knights and Four Knights with 4 g3.} 10. a4 Qxc3 11. Ra3 Qa5 {[%emt 0:00:55] The position is equal.} 12. Bd2 Qb6 {[%emt 0:00:03] [#]} 13. a5 $146 ({Predecessor:} 13. Re3+) 13... Qxd4 14. Rd3 Qh4 (14... Qa4 $11) 15. g3 (15. Qa1 $1 $16) 15... Qa4 $11 {[%emt 0:03:30] Inhibits Rd4.} 16. Bg5 {[%emt 0:01:02] This bishop pair is nice.} Be6 (16... Qxa5 17. Bxf6 gxf6 18. Rxd5 $16) 17. Qb1 (17. Rb3 $11 {keeps the balance.} O-O-O 18. Qb1) 17... Ne4 $1 $17 (17... Qxa5 18. Qb2 $11) 18. Qxb7 O-O 19. Be7 Rfb8 ({And not} 19... Qxa5 20. Ra3 Qd2 21. Bxf8 Rxf8 22. Re3 $14) (19... Qxc2 20. Bxf8 Rxf8 21. Re3 $11) ({Better is} 19... Rfe8 $19 20. Rb3 (20. Qxc7 $2 Rac8 $19) 20... Bd7) 20. Qxc7 Rc8 21. Qe5 Qxa5 ({Much less strong is} 21... Rxc2 22. Bd1 $14) 22. Bf3 Qc7 23. Qxc7 Rxc7 24. Ba3 Rxc2 {[%emt 0:00:05] Black is more active.} 25. Bxe4 dxe4 26. Re3 (26. Rd4 $17 {was necessary.}) 26... Bh3 $19 27. Ra1 Rc4 28. Rae1 f5 29. f3 Ra4 30. Rb1 Rd8 31. Rc3 (31. fxe4 $17 fxe4 32. Rb4) 31... h5 32. fxe4 Rxe4 {[%emt 0:00:11] ...Rd2 is the strong threat.} 33. Rc2 {[%emt 0:01:40] Against Rd2} (33. Rbc1 $17) 33... Rd7 (33... a5 $19 34. Rcb2 Kh7) 34. Kf2 a5 35. Bc5 (35. Re1 $17 {keeps fighting.}) 35... a4 (35... f4 $19 36. Rb3 Bf5) 36. Be3 Rd3 37. Bf4 Rd7 $2 (37... Bg4 $19 {[%cal Oh5h4] White must now prevent ...h4!} 38. Bg5 Bd1) 38. Ra1 $2 (38. Be3 $1 $11) 38... Kh7 $17 39. Rca2 Ra7 40. Be3 Ra6 41. Bf4 Kg6 42. Bc1 h4 43. Bd2 Kh5 44. Ra3 Bg4 45. Be3 $2 (45. Re1 {was called for.}) 45... h3 $19 46. Rc1 Rb4 {[%emt 0:00:00] Strongly threatening ...Rb2+.} 47. Rc2 {[%emt 0:00:00] Inhibits Rb2.} (47. Ra2) 47... Rb1 {[%emt 0:00:00] Threatens to win with ...Rh1.} 48. Bc1 Bd1 49. Rc5 Re6 {[%emt 0:00:00] aiming for ...Re2+.} 50. Rd3 Bg4 (50... Re2+ $142 51. Kf1 {[#]} Rxh2 $1 52. Rxd1 Rh1+ 53. Ke2 Rxd1 54. Kxd1 h2 55. Rxf5+ Kg6 56. Rg5+ Kh6 57. Rb5+ Rxc1+ $1 58. Kxc1 h1=Q+ 59. Kb2 Qe1 60. Rb6+ Kg5 61. Rb5+ Kh6) 51. Rd7 Re2+ {[%emt 0:00:34] Black mates.} 52. Kf1 Rxh2 53. Kg1 Rg2+ 54. Kh1 Re2 55. Rxg7 Bf3+ {[%emt 0:00:03] Weighted Error Value: White=0.52/Black=0.26 (precise)} 0-1

[Event "Icelandic Championship 2022"]
[Site "Selfoss"]
[Date "2022.04.30"]
[Round "8.4"]
[White "Thorhallsson, Simon"]
[Black "Heimisson, Hilmir Freyr"]
[Result "1/2-1/2"]
[ECO "C42"]
[WhiteElo "2245"]
[BlackElo "2312"]
[Annotator "TA"]
[PlyCount "62"]
[EventDate "2022.04.21"]
[EventType "tourn"]
[EventCountry "ISL"]
[SourceTitle "playchess.com"]
[Source "ChessBase"]
[SourceQuality "1"]
[TimeControl "40/5400+30:1800+30"]

1. e4 e5 2. Nf3 Nf6 3. Nxe5 d6 4. Nf3 Nxe4 5. Nc3 Nxc3 6. dxc3 Be7 7. Bf4 Nc6 8. Qd2 Be6 9. O-O-O Qd7 {[%emt 0:01:47] C42: Petroff Defence: 3 Nxe5 and unusual White 3rd moves.} (9... Bxa2 $2 10. b3 $16) 10. Kb1 a6 11. h4 h6 {[%emt 0:05:41] White has an edge.} 12. Nd4 Nxd4 {[%emt 0:00:37] [#]} 13. Qxd4 $146 ({Predecessor:} 13. cxd4 O-O-O 14. f3 Rde8 15. d5 Bf5 16. Be3 Bf6 17. g4 Bh7 18. Rh3 Qa4 19. f4 Kb8 20. h5 Qd7 21. Rg3 Bh4 22. Qd4 b6 23. Rg1 {½-½ (23) Zinoviev,P (2251)-Istomin,A (2148) ICCF email 2018}) 13... Bf6 14. Qe3 O-O-O 15. f3 Kb8 16. Qd2 Qa4 17. a3 d5 18. Be3 {[%emt 0:02:37] Prevents d4.} Rhe8 19. Bd4 (19. Be2 {is interesting.} d4 20. Bxd4 c5 21. Qf4+) 19... Bxd4 20. cxd4 Bf5 {[%emt 0:00:30][%cal Oe8e3] White should prevent ...Re3!} 21. Bd3 Bxd3 22. Qxd3 Re7 23. Rhe1 Qe8 24. Qc3 Rd6 25. Re5 Rc6 26. Qe3 Rce6 27. Re1 Qb5 28. f4 Rb6 {[%emt 0:01:45][%csl Gb6][%cal Rb5b2] [#]} 29. Qc3 (29. b3 $5 Rxe5 30. dxe5 $14) 29... Rc6 30. Qf3 Rb6 31. Qc3 {[%emt 0:01:50] Active counter play!} (31. b3 $5 Rbe6 32. Kb2 $14) 31... Rc6 {[%emt 0:00:21] Weighted Error Value: White=0.09 (flawless) /Black=0.08 (flawless)} 1/2-1/2

[Event "Icelandic Championship 2022"]
[Site "Selfoss"]
[Date "2022.04.30"]
[Round "8.5"]
[White "Stefansson, Hannes"]
[Black "Thorhallsson, Throstur"]
[Result "1-0"]
[ECO "B81"]
[WhiteElo "2520"]
[BlackElo "2414"]
[Annotator "TA"]
[PlyCount "55"]
[EventDate "2022.04.21"]
[EventType "tourn"]
[EventCountry "ISL"]
[SourceTitle "playchess.com"]
[Source "ChessBase"]
[SourceQuality "1"]
[TimeControl "40/5400+30:1800+30"]

1. e4 {[%emt 0:00:04] ChessBase II} c5 2. Nf3 e6 3. d4 cxd4 4. Nxd4 Nf6 5. Nc3 d6 6. g4 a6 7. g5 Nfd7 8. Be3 Be7 9. h4 O-O 10. Qd2 Nc6 11. O-O-O Nxd4 12. Qxd4 b5 13. h5 {[%emt 0:08:58] B81: Sicilian Scheveningen: Keres Attack.} Bxg5 {[%emt 0:08:08] [#]} 14. Rg1 $146 ({Predecessor:} 14. h6 Bf6 15. e5 Bxe5 16. Qe4 d5 17. Nxd5 exd5 18. Qxd5 g6 19. Qxa8 Qf6 20. Qe4 Bxb2+ {1-0 (48) Gashimov,V (2625)-Lepelletier,B (2437) France 2006 EXT 2007 [ChessBase II]}) 14... Bf6 (14... e5 $142 15. Qxd6 Bxe3+ 16. fxe3 Qf6) 15. Qxd6 $16 {[%emt 0:01:34] White is much more active. The black rooks are badly placed. White is clearly better.} Qe7 (15... Ne5 $16 {was called for.}) 16. Qg3 $18 g6 {[%emt 0:01:44] [#]} 17. Bf4 $1 ({Less strong is} 17. hxg6 fxg6 18. Qc7 Rf7 $14) 17... Re8 $2 (17... Qc5 18. hxg6 fxg6) 18. Bd6 {[%emt 0:02:12] White is clearly winning.} Qd8 19. e5 Bg7 (19... Be7 $142 20. Bg2 Ra7) 20. Bg2 Ra7 21. Be4 f5 22. exf6 Qxf6 23. Qe3 Rb7 {[%emt 0:01:56] [#]} 24. Bxg6 $1 hxg6 25. Rxg6 {[%emt 0:00:06] aiming for Rdg1.} Qf5 26. Rdg1 Nf8 27. R6g5 Qf6 28. Be5 {[%emt 0:00:56] Black did not feel at home in the position after the opening.  Weighted Error Value: White=0.12 (very precise) /Black=0.59} 1-0

[Event "Icelandic Championship 2022"]
[Site "Selfoss"]
[Date "2022.05.01"]
[Round "9.1"]
[White "Heimisson, Hilmir Freyr"]
[Black "Gretarsson, Hjorvar Steinn"]
[Result "0-1"]
[ECO "A29"]
[WhiteElo "2312"]
[BlackElo "2548"]
[Annotator "TA"]
[PlyCount "142"]
[EventDate "2022.04.21"]
[EventType "tourn"]
[EventCountry "ISL"]
[SourceTitle "playchess.com"]
[Source "ChessBase"]
[SourceQuality "1"]
[TimeControl "40/5400+30:1800+30"]

1. c4 e5 2. g3 Nf6 3. Bg2 d5 4. cxd5 Nxd5 5. Nc3 Nb6 6. Nf3 Nc6 7. O-O Be7 8. Rb1 O-O 9. b4 a6 10. a3 {[%emt 0:00:07] A29: English Opening: Four Knights Variation with 4 g3.} Be6 11. d3 f6 12. Bb2 {[%emt 0:03:50] The position is equal.} Qe8 13. Ne4 {[%emt 0:17:15] [#]} a5 $146 ({Predecessor:} 13... Ba2 14. Rc1 Qf7 15. Nfd2 Bd5 16. Nc5 Bxg2 17. Kxg2 a5 18. bxa5 Nxa5 19. Na4 Qd5+ {½-½ (49) Anderson,G (2323)-Thielen,D (2398) ICCF email 2011}) 14. Nc5 (14. b5 $11 Na7 15. a4) 14... Ba2 $1 $15 15. Rc1 axb4 16. axb4 Nxb4 17. Nh4 Bxc5 ({Black should play} 17... Qb5 $17 18. Ne4 (18. Nxb7 Rfb8 $17) 18... Nc6) 18. Rxc5 c6 19. Qd2 Na6 20. Ra5 Be6 21. Ba3 {[%emt 0:05:11] Hoping for Qb2.} Rf7 22. Rb1 Qd8 23. Bc1 Rd7 {[%emt 0:03:18] White must now prevent ...Nc4.} 24. Qe1 {[%emt 0:02:13] [#]} Nc4 $1 25. Raa1 ({But not} 25. dxc4 $2 Rd1 26. Bd2 Rxe1+ 27. Bxe1 g5 $19) 25... Nd6 26. Bd2 Nb5 27. Ba5 Qe8 28. Bf1 ({Better is} 28. Nf3 $15) 28... Nd4 {[%emt 0:04:15] aiming for ...Nc2.} 29. Qc3 {[%emt 0:01:42] Against Nc2} Qf7 30. Bb6 Bh3 31. Ng2 Re8 32. Ra4 ({White should try} 32. Bxd4 $15 exd4 33. Qc1) 32... Nc7 $17 33. Qb2 Nce6 {[%emt 0:01:36] 0x0.0022a7585651dp-1022s more active pieces.} 34. Rba1 Rd5 {[%emt 0:03:04] Threatens to win with ...Rb5.} 35. Rb4 Rd7 (35... c5 $17 36. Rba4 Rd7) 36. Rb1 (36. Rba4 $1 $11 {keeps the balance.}) 36... Nb5 (36... c5 $142 37. Rc4 Rc8) 37. Rh4 Bxg2 38. Bxg2 Ned4 {[%emt 0:00:36][%cal Ob5c3] Pair of Knights!} 39. e3 Ne6 40. Qb3 Ng5 41. Ra4 Qxb3 (41... e4 {with more complications.} 42. d4 Nf3+ 43. Kh1 f5) 42. Rxb3 Ne6 43. h4 Kf7 44. Bh3 g6 45. Kf1 h5 46. f4 exf4 47. gxf4 f5 48. Kf2 Nd6 49. Rc3 Nc8 {[%emt 0:01:01] White is on the road to losing.} 50. Ba5 Ne7 51. Bg2 b5 52. Ra1 c5 {[%emt 0:05:49] And now ...Rb8 would win.} 53. Rb3 (53. Bb6 $17) 53... b4 $19 54. d4 cxd4 {[%emt 0:00:22] Strongly threatening ...Nc5.} 55. Bxb4 dxe3+ 56. Rxe3 Nxf4 57. Bf1 {[%emt 0:00:19] Inhibits Nd3+.} Rc8 58. Bb5 Rb7 59. Rxe7+ Rxe7 60. Bxe7 Kxe7 {[%emt 0:00:06][%mdl 4096] Endgame KRB-KRN} 61. Ra6 Rc5 62. Ba4 Rc3 63. Ra7+ Kf6 64. Be8 Rc8 65. Ra6+ {[%emt 0:00:35] [#]} Kg7 $1 66. Ra7+ (66. Kf3 $142 Rxe8 67. Kxf4 Re4+ 68. Kg3) 66... Kh6 67. Re7 Nd5 68. Re6 Nf6 69. Ba4 $2 (69. Rxf6 {is the only way for White.} Rxe8 70. Rf7) 69... Ne4+ 70. Kf3 $2 (70. Kg2) 70... Rc3+ 71. Kf4 Nc5 {[%emt 0:00:20][%csl LRa4,LRe6] Weighted Error Value: White=0.21 (precise) /Black=0.10 (very precise)} 0-1

[Event "Icelandic Championship 2022"]
[Site "Selfoss"]
[Date "2022.05.01"]
[Round "9.2"]
[White "Stefansson, Vignir Vatnar"]
[Black "Mai, Alexander Oliver"]
[Result "1/2-1/2"]
[ECO "E14"]
[WhiteElo "2484"]
[BlackElo "2207"]
[Annotator "TA"]
[PlyCount "44"]
[EventDate "2022.04.21"]
[EventType "tourn"]
[EventCountry "ISL"]
[SourceTitle "playchess.com"]
[Source "ChessBase"]
[SourceQuality "1"]
[TimeControl "40/5400+30:1800+30"]

1. e3 d5 2. c4 e6 3. Nf3 Nf6 4. d4 Be7 5. Nc3 O-O 6. b3 b6 7. Bb2 Bb7 8. Bd3 c5 9. O-O Nc6 10. cxd5 exd5 11. dxc5 bxc5 12. Rc1 {E14: Queen's Indian: Classical Variation (4 e3).} d4 13. exd4 Nxd4 14. Nxd4 {[%emt 0:02:53] White is slightly better.} Qxd4 {[%emt 0:00:49] [#]} 15. Bc4 $146 (15. Qe2 $16 Qd7 16. Bb5) ({Predecessor:} 15. Qe2 Qd7 16. Na4 Rfe8 17. Rfd1 Bd6 18. Qf1 Qe7 19. Re1 Qc7 20. Bxf6 gxf6 21. h3 Rad8 22. Rxe8+ Rxe8 23. b4 Bh2+ 24. Kh1 Bf4 25. Rc4 Bd2 {0-1 (25) Quaresma,L (2464)-Kubasky,A (2276) ICCF email 1999}) 15... Qh4 16. Qe1 ({White should play} 16. f3 $14) 16... Bxg2 $11 {[%emt 0:17:42] The position is equal.} 17. Kxg2 ({Don't blunder} 17. Qxe7 $2 Bf3 18. Qc7 Nh5 $19) 17... Qg4+ 18. Kh1 Qf3+ 19. Kg1 {[%emt 0:00:03] [#] Black must now prevent Qe5.} Qg4+ 20. Kh1 Qf3+ 21. Kg1 {[%emt 0:00:06] Strongly threatening Qe5.} Qg4+ 22. Kh1 Qf3+ {[%emt 0:00:05] Black took control after the opening.  Weighted Error Value: White=0.22 (precise) /Black=0.04 (flawless)} 1/2-1/2

[Event "Icelandic Championship 2022"]
[Site "Selfoss"]
[Date "2022.05.01"]
[Round "9.3"]
[White "Steingrimsson, Hedinn"]
[Black "Kjartansson, Gudmundur"]
[Result "0-1"]
[ECO "B44"]
[WhiteElo "2535"]
[BlackElo "2450"]
[Annotator "TA"]
[PlyCount "166"]
[EventDate "2022.04.21"]
[EventType "tourn"]
[EventCountry "ISL"]
[SourceTitle "playchess.com"]
[Source "ChessBase"]
[SourceQuality "1"]
[TimeControl "40/5400+30:1800+30"]

1. e4 c5 2. Nf3 e6 3. d4 cxd4 4. Nxd4 Nc6 5. Nb5 d6 6. c4 Nf6 7. N1c3 a6 8. Na3 Be7 9. Be2 O-O 10. O-O b6 11. Be3 Bb7 12. Rc1 Rc8 13. Kh1 Ne5 14. f3 Qc7 15. Qe1 Bd8 16. Qf2 Ned7 17. Rfd1 Qb8 18. Bf1 Bc7 19. Qg1 Kh8 20. Nc2 Rg8 21. Bd4 g5 22. Rd2 Rg6 23. Re1 Kg8 24. b4 Rh6 25. h3 Rg6 26. Na4 g4 27. Qe3 gxf3 28. gxf3 Nh5 29. Rg2 Ng3+ 30. Kg1 Nxf1 31. Kxf1 Bc6 32. Nb2 b5 33. h4 e5 34. Bc3 (34. Ba7 $17 Qa8 35. Ree2) 34... Kh8 (34... Rxg2 $19 {has better winning chances.} 35. Kxg2 Kh8) 35. Rxg6 $17 fxg6 36. h5 gxh5 ({Black should play} 36... Rg8 $1 $17 37. c5 dxc5 38. bxc5 a5) 37. Qh6 ({White has to play} 37. c5 $1 $15) 37... Rf8 (37... Rg8 $19 {aiming for ...Qe8.} 38. Nd4 exd4 39. Bxd4+ Ne5 40. Bxe5+ dxe5 41. Qf6+ Rg7 42. Qxc6 Qf8) 38. Ke2 $17 Rf6 (38... Qe8 $142 $1 39. Rh1 (39. Rg1 $2 Qf7 $19) 39... Nf6) 39. Qxh5 $17 Qg8 40. Ne3 Nf8 (40... bxc4 $17 {...Rf4 is the strong threat.} 41. Kd1 Rf4 42. Nexc4 Bb5) 41. Kd1 (41. Ng4 $14 Rg6 42. c5) 41... Ne6 (41... Ng6 $15 42. Rh1 bxc4 43. Nbxc4 Nf4) 42. Nf5 (42. c5 $1 $11 {remains equal.} Nf4 43. Qh4) 42... Qg5 (42... bxc4 $17 {Strongly threatening ...Ng7.} 43. Ne7 (43. Nxc4 $2 Ng7 $19) 43... Qe8 44. Qxe8+ Bxe8) 43. Rh1 Qxh5 44. Rxh5 Ng7 45. Rh6 Rxh6 46. Nxh6 Ne6 47. c5 dxc5 48. bxc5 Kg7 49. Nf5+ Kf6 50. Nd3 Ng5 51. Nh4 a5 52. a3 Bd7 53. Ke2 Bh3 54. Ke3 (54. Nf4 $5 Kf7 55. Nd5 $14) 54... Ke6 55. Nc1 (55. Bxe5 $11 Bxe5 56. Nxe5 Kxe5 57. f4+ Kf6 58. fxg5+ Kxg5 59. Nf3+ Kf6 60. e5+ Ke7 61. Nd4) 55... Bd8 $1 $17 56. Be1 Be7 ({Better is} 56... Bf1 57. Nf5 Nh3) 57. Nd3 $17 Bf1 58. Bxa5 (58. c6 $142) 58... Nh3 $1 $17 59. Nf5 (59. Be1 $17) 59... Bg5+ $19 60. f4 exf4+ 61. Kd4 Bf6+ $1 62. e5 Bxd3 (62... Kxf5 63. exf6 Kxf6 64. c6 Bxd3 65. Kxd3 $11) 63. Kxd3 Nf2+ $2 ({Weaker is} 63... Kxf5 64. exf6 Kxf6 65. c6 $11 (65. Ke4 Ke6 $11)) (63... Kxe5 $2 {[#]} 64. c6 $1 f3 65. c7 $1 Nf4+ 66. Kc2 Kxf5 67. c8=Q+ $18) (63... Bxe5 $19 64. Nd4+ Bxd4 65. Kxd4 Ng5) 64. Ke2 $11 Bxe5 65. Nh4 $2 (65. Nd6 $1 $11) 65... Ne4 $19 66. c6 Kd6 67. Nf3 Bb2 68. Kd3 Nc5+ 69. Kc2 Bf6 (69... Bxa3 $2 70. c7 Kd7 71. Ne5+ Kc8 72. Nc6 $18) 70. c7 Kd7 71. Bb6 Ne6 72. Kd3 Nxc7 73. Bxc7 $2 (73. Bd4 Be7 74. Bb2) 73... Kxc7 $19 74. Ke4 Kb6 75. Kxf4 Kc5 76. Kf5 Bb2 77. Ng5 Bxa3 78. Nxh7 Kd4 79. Ng5 b4 80. Nf3+ Kc3 81. Ke4 b3 82. Ke3 Bc1+ 83. Ke2 b2 0-1

[Event "Icelandic Championship 2022"]
[Site "Selfoss"]
[Date "2022.05.01"]
[Round "9.4"]
[White "Thorhallsson, Throstur"]
[Black "Thorhallsson, Simon"]
[Result "1/2-1/2"]
[ECO "B90"]
[WhiteElo "2414"]
[BlackElo "2245"]
[Annotator "TA"]
[PlyCount "61"]
[EventDate "2022.04.21"]
[EventType "tourn"]
[EventCountry "ISL"]
[SourceTitle "playchess.com"]
[Source "ChessBase"]
[SourceQuality "1"]
[TimeControl "40/5400+30:1800+30"]

1. e4 c5 2. Nf3 d6 3. d4 cxd4 4. Nxd4 Nf6 5. Nc3 a6 6. h3 e5 {[%emt 0:00:21] 6...e5 is better than 6...e6.} 7. Nde2 h5 {[%emt 0:00:16] B90: Sicilian Najdorf: Unusual White 6th moves, 6 Be3 Ng4 and 6 Be3 e5.} 8. g3 Be7 9. Bg2 b5 {[%emt 0:00:10][%cal Bb7b5,Bb5b4][%mdl 32] White has an edge.} 10. a4 (10. Nd5 $14) 10... b4 $11 11. Nd5 a5 12. c3 {[%emt 0:01:53] [#]} Na6 $146 ({Predecessor:} 12... bxc3 13. Nexc3 Be6 14. O-O Nxd5 15. Nxd5 Bxd5 16. Qxd5 Nd7 17. Bd2 O-O 18. b4 axb4 19. Bxb4 {1-0 (32) Quparadze,G (2476)-Thorhallsson,S (2199) Reykjavik 2021}) 13. Nxe7 Qxe7 (13... Kxe7 {is interesting.} 14. Bg5 Rb8 15. O-O Nc5) 14. Bg5 Nc5 15. c4 {[%emt 0:08:50] [#]} (15. cxb4 $11 axb4 16. Nc1) 15... Bb7 (15... Qe6 $1 $17 16. Bxf6 Qxf6) 16. f3 $15 Ne6 {[%emt 0:08:04] Pair of Knights!} 17. Be3 h4 18. g4 g5 19. Qd2 Nd7 20. b3 Ndc5 21. Rb1 f6 22. O-O {[%emt 0:00:26] Black has an edge.} O-O 23. Rfd1 Rfd8 24. Kh2 Rac8 25. Rb2 Kg7 26. Qe1 Rd7 27. Bf2 Rh8 28. Be3 Bc6 29. Nc1 Rhd8 30. Bf1 Ba8 31. Qf2 {[%emt 0:01:59] Weighted Error Value: White=0.10 (very precise) /Black=0.07 (flawless)} 1/2-1/2